 Dungeon Crawl Stone Soup version 0.23.1 (webtiles) character file.

Game seed: 13651461532530275100

1852 Kairos the Chopper (level 9, -1/41 HPs)
             Began as a Vine Stalker Fighter on Mar 5, 2019.
             Was a Believer of Uskayaw.
             Slain by Harold
             ... wielding a +0 long sword
              (11 damage)
             ... on level 7 of the Dungeon.
             The game lasted 00:06:33 (4833 turns).

Kairos the Chopper (Vine Stalker Fighter)           Turns: 4833, Time: 00:06:34

Health: -1/41      AC: 13    Str: 24    XL:     9   Next: 12%
Magic:  0/10       EV:  3    Int:  8    God:    Uskayaw [**....]
Gold:   434        SH:  0    Dex: 14    Spells: 8/8 levels left

rFire    . . .     SeeInvis .   a - +0 war axe
rCold    . . .     Gourm    .   c - +0 shield
rNeg     . . .     Faith    .   k - +0 plate armour
rPois    .         Spirit   +   (no helmet)
rElec    +         Reflect  .   (no cloak)
rCorr    .         Harm     .   (no gloves)
MR       +....     Clarity  +   v - +0 pair of boots
Stlth    ..........             (no amulet)
HPRegen  0.53/turn              (no ring)
MPRegen  0.12/turn              (no ring)

@: marked, held
A: fangs 3, clarity, frail 1, regeneration 1, electricity resistance, strong 1,
magic shield, antimagic bite, no potion heal 3, rot immunity
a: Stomp, Line Pass, Renounce Religion


You were on level 7 of the Dungeon.
You worshipped Uskayaw.
Uskayaw was noncommittal.
You were not hungry.

You visited 1 branch of the dungeon, and saw 7 of its levels.

You collected 434 gold pieces.

Inventory:

Hand Weapons
 a - a +0 war axe (weapon)
 D - a +1 hand axe of pain
Missiles
 n - 8 tomahawks of returning (quivered)
 p - 7 javelins
 z - 3 tomahawks
Armour
 b - a +0 scale mail
 c - a +0 shield (worn)
 k - a +0 plate armour (worn)
 v - a +0 pair of boots (worn)
Magical Staves
 A - an uncursed staff of summoning
Wands
 x - a wand of random effects (19)
 y - a wand of flame (38)
 C - a wand of polymorph (12)
Scrolls
 g - 2 scrolls of blinking
 h - 2 scrolls of immolation
 i - 3 scrolls of identify
 m - a scroll of enchant armour
 q - 4 scrolls of remove curse
 r - a scroll of fog {unknown}
 s - a scroll of random uselessness {unknown}
 t - 3 scrolls of magic mapping {unknown}
Potions
 d - a potion of might
 e - 6 potions of curing
 j - 2 potions of cancellation {unknown}
 l - a potion of magic {unknown}
 o - 3 potions of brilliance {unknown}
 u - 2 potions of agility {unknown}
 w - a potion of invisibility {unknown}
 B - a potion of resistance {unknown}
Comestibles
 f - 12 rations


   Skills:
 + Level 4.3 Fighting
 + Level 6.8 Axes
 + Level 4.7 Armour
 + Level 2.4 Dodging
 + Level 4.0 Stealth
 + Level 4.9 Shields


You had 8 spell levels left.
You didn't know any spells.
Your spell library contained the following spells:

 Spells                   Type           Power        Failure   Level  Hunger
 Corona                   Hex            #......      100%        1    ##.....
 Freeze                   Ice            #...         100%        1    ##.....
 Summon Small Mammal      Summ           #...         100%        1    ##.....
 Call Imp                 Summ           #.......     100%        2    ###....
 Ensorcelled Hibernation  Hex/Ice        #.....       100%        2    ###....
 Throw Frost              Conj/Ice       #.....       100%        2    ###....
 Call Canine Familiar     Summ           #.......     100%        3    ####...
 Confuse                  Hex            #.......     100%        3    ####...
 Dazzling Spray           Conj/Hex       #.....       100%        3    ####...
 Ozocubu's Armour         Chrm/Ice       #.......     100%        3    ####...
 Summon Guardian Golem    Hex/Summ       #.......     100%        3    ####...
 Tukima's Dance           Hex            #.......     100%        3    ####...
 Summon Ice Beast         Ice/Summ       #.......     100%        4    #####..
 Summon Lightning Spire   Summ/Air       #.......     100%        4    #####..
 Throw Icicle             Conj/Ice       #.......     100%        4    #####..


Dungeon Overview and Level Annotations

Branches:
Dungeon (7/15)
 Temple: D:4-7

Altars:
Cheibriados
Elyvilon
Fedhas
Gozag
Makhleb
Uskayaw
Wu Jian
Yredelemnul
Zin

Annotations:
D:7 Harold


Innate Abilities, Weirdness & Mutations

You have razor-sharp teeth.
Your natural rate of healing is unusually fast.
When hurt, damage is shared between your health and your magic reserves.
Your bite disrupts and absorbs the magic of your enemies.
Potions cannot restore your health.
You are immune to rotting.
You possess an exceptional clarity of mind.
You are frail. (-10% HP)
You are resistant to electric shocks. (rElec)
Your muscles are strong. (Str +2)


Message History

Unknown command.
You are too injured to fight recklessly!
Unknown command.
Harold throws a throwing net.
The throwing net hits you.
You become entangled in the net!
The hippogriff bites you but does no damage.
The hippogriff pecks you but does no damage.
The hippogriff claws you but does no damage.
You see here a throwing net.
You tear a large gash into the net.
The hippogriff bites you.
* * * LOW HITPOINT WARNING * * *
The hippogriff pecks you.
* * * LOW HITPOINT WARNING * * *
The hippogriff claws you but does no damage.
You struggle against the net.
The hippogriff bites you but does no damage.
The hippogriff pecks you but does no damage.
The hippogriff claws you but does no damage.
Harold hits you with a +0 long sword!
You die...

. .. ### .# #.###### .#
#......###### .######
#.####@.....#
......#####.# #@H....#
.)..........##........#
......####..##.#......#
.###### #..##.#......#
.# #.... ..###### .#
#..##.#.. .# #.## ..#
.# #.. #.#


You could see Harold and a hippogriff.

Vanquished Creatures
  Grinder (D:3)
  Edmund (D:4)
  Purgy (D:2)
  An ice beast (D:5)
  3 phantoms
  3 ogres
  A centaur (D:5)
  The ghost of grocchini the Digger, an amateur GrEE (D:3)
  A bullfrog (D:3)
  2 scorpions (D:4)
  An orc priest (D:5)
  2 centaur zombies (D:5)
  A centaur skeleton (D:4)
  2 orc wizards
  5 worker ants
  A howler monkey zombie (D:5)
  5 adders
  3 gnolls (D:4)
  A shadow imp (D:5)
  2 oozes
  An adder skeleton (D:4)
  3 worms
  4 dart slugs
  4 leopard geckos
  21 orcs
  5 giant cockroaches
  8 goblins
  7 hobgoblins
  4 quokkas
  8 bats
  4 frilled lizards
  A jackal skeleton (D:5)
  9 kobolds
  11 rats
128 creatures vanquished.

Notes
Turn   | Place    | Note
-------+----------+-------------------------------------------
     0 | D:1      | Kairos the Vine Stalker Fighter began the quest for the
                  | Orb.
     0 | D:1      | Reached XP level 1. HP: 11/11 MP: 2/2
   299 | D:1      | Reached XP level 2. HP: 16/16 MP: 3/3
   324 | D:1      | Reached skill level 2 in Axes
   548 | D:1      | Reached XP level 3. HP: 19/20 MP: 4/4
   787 | D:1      | Gained mutation: You are frail. (-10% HP) [potion of
                  | mutation]
   787 | D:1      | Gained mutation: You possess an exceptional clarity of
                  | mind. [potion of mutation]
   787 | D:1      | Gained mutation: Your muscles are strong. (Str +2) [potion
                  | of mutation]
   787 | D:1      | Gained mutation: You are resistant to electric shocks.
                  | (rElec) [potion of mutation]
   846 | D:2      | Reached skill level 1 in Dodging
   846 | D:2      | Gained mutation: Your natural rate of healing is unusually
                  | fast. [Vine Stalker growth]
   846 | D:2      | Reached XP level 4. HP: 11/21 MP: 2/5
  1181 | D:2      | Found a hide-covered altar of Uskayaw.
  1432 | D:2      | Found a burning altar of Makhleb.
  1571 | D:2      | Became a worshipper of Uskayaw the Reveler
  1587 | D:3      | Noticed Grinder
  1588 | D:3      | Paralysed by Grinder for 5 turns
  1600 | D:3      | Reached * piety under Uskayaw
  1610 | D:3      | Reached ** piety under Uskayaw
  1614 | D:3      | Noticed Purgy
  1625 | D:2      | Reached *** piety under Uskayaw
  1626 | D:2      | Killed Purgy
  1626 | D:2      | Reached skill level 3 in Axes
  1626 | D:2      | Reached XP level 5. HP: 20/25 MP: 6/6
  1646 | D:3      | Killed Grinder
  1646 | D:3      | Reached skill level 1 in Stealth
  1646 | D:3      | Reached XP level 6. HP: 14/28 MP: 3/7
  1646 | D:3      | Reached **** piety under Uskayaw
  1693 | D:3      | Reached skill level 4 in Axes
  1702 | D:3      | Reached XP level 7. HP: 25/32 MP: 6/8
  1781 | D:3      | Found a white marble altar of Elyvilon.
  1865 | D:3      | Found an ornate altar of the Wu Jian Council.
  1961 | D:3      | Found a basalt altar of Yredelemnul.
  2198 | D:3      | Found a runed translucent gate.
  2198 | D:3      | Found a runed translucent gate.
  2198 | D:3      | Found a runed translucent gate.
  2198 | D:3      | Found an opulent altar of Gozag.
  2200 | D:3      | Noticed grocchini's ghost (amateur GrEE)
  2232 | D:3      | Killed grocchini's ghost
  2369 | D:4      | Found a snail-covered altar of Cheibriados.
  2532 | D:4      | Reached skill level 5 in Axes
  2562 | D:4      | Gained mutation: You have razor-sharp teeth. [Vine Stalker
                  | growth]
  2562 | D:4      | Reached XP level 8. HP: 30/37 MP: 9/9
  2698 | D:4      | Noticed Edmund
  2714 | D:4      | Killed Edmund
  3217 | D:5      | Entered Level 5 of the Dungeon
  3221 | D:5      | Reached skill level 6 in Axes
  3328 | D:5      | Found a glowing silver altar of Zin.
  3465 | D:5      | Reached XP level 9. HP: 30/40 MP: 10/10
  3691 | D:5      | Found a burning altar of Makhleb.
  3691 | D:5      | Noticed a balrug
  4516 | D:6      | Found a blossoming altar of Fedhas.
  4824 | D:7      | Noticed Harold
  4833 | D:7      | Slain by Harold

Skill      XL: |  1  2  3  4  5  6  7  8  9 |
---------------+----------------------------+-----
Fighting       | 3 4 |  4.3
Axes           | 2 3 4 5 6 |  6.8
Shields        | 3 4 |  4.9
Dodging        | 1 2 |  2.4
Armour         | 3 4 |  4.7
Stealth        | 1 2 3 4 |  4.0

Action                   |  1- 3 |  4- 6 |  7- 9 || total
-------------------------+-------+-------+-------++-------
Melee: War axe           |    91 |    71 |   212 ||   374
       Bite              |    22 |    22 |    87 ||   131
  Use: Scroll            |     3 |       |     3 ||     6
       Potion            |     1 |       |       ||     1
 Stab: Paralysed         |       |     3 |     9 ||    12
  Eat: Chunk             |       |     2 |     8 ||    10
       Ration            |       |       |     2 ||     2
Armor: Scale mail        |    38 |    30 |    56 ||   124
       Plate armour      |       |       |    15 ||    15
Dodge: Dodged            |    26 |    30 |    66 ||   122
Block: Shield            |    52 |    48 |   107 ||   207
